Map: Jagannatha LE

Players

TulakHord

  • Race: Terran Terran
  • League: Gold

flyrevciozz - Winner!

  • Race: Terran Terran
  • League: Master

VOD

Have the link to the VOD?

Description

Time

  • Played on: May 15, 2021, 9:42 a.m.
  • Length: 10:39
Show
View Real Time Build Order
Export as new Build Order

TulakHord Terran 

Build Orders:  

Get SALT Encoding   

  12  0:01  SCV  
  13  0:13  SCV  
  14  0:18  Supply Depot  
  14  0:25  SCV  
  15  0:40  SCV  
  15  0:42  Barracks  
  16  0:52  SCV  
  16  0:54  Refinery  
  17  1:04  SCV  
  17  1:06  Refinery  
  18  1:16  SCV  
  19  1:40  Orbital Command  
  19  1:44  Supply Depot  
  19  1:45  Marine  
  20  1:53  Factory  
  20  2:05  Marine  
  20  2:07  SCV  
  22  2:19  SCV  
  22  2:30  Barracks Reactor  
  22  2:32  SCV  
  22  2:37  Command Center  
  23  2:44  SCV  
  24  2:52  Hellion  
  24  2:56  SCV, Starport  
  27  3:07  Marine x2  
  27  3:09  SCV  
  30  3:22  SCV  
  30  3:26  Factory Tech Lab  
  31  3:35  Starport Reactor  
  31  3:36  Factory  
  31  3:40  Armory  
  31  3:48  SCV  
  31  3:50  Infernal Pre-Igniter  
  31  3:51  Supply Depot  
  32  4:06  Supply Depot  
  31  4:22  Hellion  
  31  4:23  Liberator  
  31  4:24  SCV  
  32  4:26  Orbital Command  
  32  4:28  Hellion  
  32  4:29  Hellion  
  34  4:37  SCV  
  33  4:49  SCV  
  32  4:56  Hellion  
  33  5:01  SCV  
  33  5:13  SCV x2  
  35  5:16  Viking  
  35  5:19  Hellion  
  39  5:25  SCV x2  
  41  5:29  Terran Vehicle And Ship Armor Level 1  
  41  5:37  SCV  
  41  5:38  SCV  
  43  5:49  SCV  
  44  5:50  SCV  
  44  5:54  Viking x2  
  44  5:56  Hellion x2  
  53  6:03  Hellion, SCV x2  
  57  6:05  Supply Depot  
  54  6:21  SCV x2  
  54  6:24  Hellion x2  
  54  6:25  Hellion  
  62  6:31  Viking x2  
  66  6:34  SCV  
  61  6:40  SCV  
  61  6:46  SCV, Supply Depot  
  61  6:49  Refinery x2  
  61  6:53  SCV  
  62  6:55  Hellion x2  
  62  6:56  Cyclone  
  62  7:00  SCV  
  70  7:08  SCV  
  71  7:11  Supply Depot  
  71  7:12  Supply Depot  
  71  7:13  SCV  
  72  7:20  Hellion, SCV  
  75  7:23  Terran Vehicle Weapons Level 1  
  75  7:25  Viking, SCV  
  78  7:33  SCV  
  78  7:37  Supply Depot  
  79  7:40  Supply Depot  
  79  7:42  SCV  
  80  7:44  Cyclone  
  80  7:45  Hellion x2, SCV  
  88  7:57  Factory x2  
  88  7:58  Viking  
  90  8:15  Command Center  
  90  8:24  Cyclone  
  90  8:26  Hellbat x2  
  97  8:29  Viking  
  97  8:30  Viking  
  97  8:31  SCV x2  
  103  8:38  Supply Depot  
  103  8:44  Supply Depot  
  103  8:45  SCV x2  
  105  8:49  Factory Tech Lab x2  
  105  8:59  Viking x2, Hellbat x2  
  105  9:00  Cyclone  
  105  9:01  SCV x2  
  118  9:19  Cyclone x2  
  124  9:27  SCV  
  124  9:28  Orbital Command, SCV  
  126  9:32  Cyclone  
  126  9:34  Refinery  
  126  9:36  Refinery  
  129  9:42  Armory  
  133  9:45  Hellion  
  133  9:46  Hellion  
  133  10:03  Cyclone x2  
  133  10:05  SCV x2  
  141  10:13  Supply Depot x2  
  141  10:15  Supply Depot  
  141  10:22  SCV  
Show
View Real Time Build Order
Export as new Build Order

flyrevciozz Terran - Winner!

Build Orders:  

Get SALT Encoding   

  12  0:01  SCV  
  13  0:13  SCV  
  14  0:17  Supply Depot  
  14  0:25  SCV  
  15  0:31  Refinery  
  15  0:38  SCV  
  16  0:45  Barracks  
  16  0:50  SCV  
  17  1:02  SCV  
  18  1:07  Refinery  
  18  1:14  SCV  
  19  1:27  SCV  
  20  1:34  Reaper  
  20  1:39  Orbital Command  
  21  1:44  Supply Depot  
  21  1:52  Factory  
  21  2:05  SCV  
  21  2:06  Reaper  
  23  2:20  Command Center  
  23  2:24  SCV  
  24  2:36  SCV  
  25  2:38  Hellion  
  25  2:39  Reaper  
  28  2:46  Supply Depot  
  28  2:48  SCV  
  29  3:00  Hellion  
  29  3:03  Starport  
  31  3:08  SCV  
  32  3:19  Barracks Reactor  
  32  3:20  SCV  
  32  3:25  Barracks  
  33  3:29  Barracks  
  33  3:32  SCV  
  35  3:37  Orbital Command  
  35  3:40  Factory Tech Lab  
  34  3:42  Starport Tech Lab  
  34  3:47  SCV  
  35  3:59  SCV  
  36  4:03  Engineering Bay  
  36  4:06  SCV  
  36  4:07  Armory  
  37  4:11  SCV  
  38  4:18  SCV  
  37  4:29  SCV  
  37  4:31  SCV  
  39  4:35  Siege Tank  
  42  4:39  Marine x2  
  42  4:41  SCV  
  42  4:42  Barracks Tech Lab  
  42  4:43  SCV  
  42  4:44  Barracks Tech Lab  
  46  4:54  SCV  
  46  4:55  SCV  
  46  4:57  Marine x2  
  46  5:03  Marauder x2  
  46  5:06  SCV  
  50  5:07  SCV  
  50  5:11  Bunker  
  51  5:16  Marine x2  
  51  5:18  SCV, Stimpack  
  51  5:19  Terran Infantry Weapons Level 1  
  54  5:27  Marauder, SCV  
  57  5:29  Supply Depot  
  57  5:30  Marauder  
  57  5:32  Siege Tank  
  62  5:36  Supply Depot  
  62  5:45  SCV, Marine x2  
  62  5:46  SCV  
  66  5:55  Marine x2  
  62  5:58  SCV  
  62  6:03  Viking, Marine x2  
  61  6:13  Marine x2  
  63  6:20  Command Center  
  63  6:21  Marine  
  64  6:26  SCV  
  64  6:27  SCV  
  64  6:28  Marine  
  67  6:33  Raven  
  67  6:38  SCV  
  68  6:52  Refinery  
  68  6:54  Refinery, Marine  
  68  6:55  Marauder, Marine  
  68  6:56  Marauder  
  68  7:01  SCV x2  
  76  7:12  Marine x2  
  76  7:13  SCV  
  76  7:14  Terran Infantry Armor Level 1  
  79  7:17  Marauder x2  
  83  7:25  Siege Tank  
  86  7:30  Supply Depot  
  86  7:32  Marine x2  
  86  7:33  Terran Vehicle Weapons Level 1, Supply Depot x2  
  88  7:38  Marauder  
  88  7:41  Combat Shield  
  88  7:42  Marine  
  91  7:48  Barracks  
  91  7:49  Marine x2  
  93  7:52  Barracks  
  93  7:54  Barracks  
  93  7:59  Marine  
  93  8:00  Marine  
  93  8:02  Orbital Command  
  93  8:03  SCV  
  93  8:04  SCV  
  97  8:07  Marine x2  
  97  8:09  Siege Tank  
  102  8:17  Marine  
  102  8:18  Marine  
  104  8:25  Concussive Shells, Marine  
  105  8:31  Starport Reactor  
  105  8:33  SCV x2  
  105  8:34  SCV  
  108  8:40  Barracks  
  108  8:43  Barracks Reactor  
  108  8:44  Barracks  
  108  8:45  SCV  
  108  8:46  Barracks Reactor, SCV x2  
  108  8:47  Marauder  
  113  8:55  Refinery  
  113  8:58  SCV x3  
  116  9:09  Marauder  
  118  9:10  SCV  
  118  9:14  Command Center, Marine x4  
  123  9:24  Supply Depot  
  123  9:26  Supply Depot  
  123  9:29  Marine  
  123  9:30  Marine  
  125  9:33  Barracks Reactor  
  125  9:34  Barracks Reactor  
  125  9:40  Supply Depot  
  125  9:46  Supply Depot x2, Marine x7  
  125  9:47  Siege Tank, Supply Depot x2, Marine  
  125  9:49  SCV  
  125  9:50  Supply Depot  
  137  10:01  SCV x3  
  140  10:11  Marine x9  
  140  10:13  SCV x2  
  153  10:14  Marauder  
  153  10:15  Marauder  
  153  10:17  Marauder  
Tags
 
Add a new tag
Caveats
  • Supply blocks, unpowered buildings, or Contaminate may cause inaccurate times.
  • Supply counts are checked every 10 seconds.